Map: Ruins of Endion

Players

Zan - Winner!

  • Race: Terran Terran
  • League: Master

Pokebunny

  • Race: Terran Terran
  • League: Grandmaster

VOD

Have the link to the VOD?

Description

Time

  • Played on: April 4, 2016, 4:47 p.m.
  • Length: 10:34
Show
View Real Time Build Order
Export as new Build Order

Zan Terran - Winner!

Build Orders: 1/1/1 

Get SALT Encoding   

  12  0:00  SCV  
  13  0:12  SCV  
  14  0:18  Supply Depot  
  14  0:24  SCV  
  15  0:29  Refinery  
  15  0:40  SCV  
  16  0:46  Barracks  
  16  0:52  SCV  
  17  1:04  SCV  
  18  1:05  Refinery  
  18  1:16  SCV  
  19  1:32  Orbital Command  
  19  1:33  Reaper  
  20  1:40  Factory  
  20  1:50  Supply Depot  
  20  1:58  SCV  
  21  2:05  Reaper  
  23  2:15  SCV  
  23  2:19  Supply Depot  
  23  2:26  Hellion  
  23  2:28  Starport  
  25  2:31  SCV  
  26  2:38  Reaper  
  27  2:47  Hellion  
  29  2:52  SCV  
  30  3:04  Supply Depot  
  30  3:05  Medivac  
  30  3:09  Hellion  
  30  3:11  Reaper  
  34  3:13  SCV  
  35  3:20  Engineering Bay  
  35  3:30  Hellion  
  35  3:43  SCV  
  35  3:46  Reaper  
  37  3:51  Hellion  
  39  3:56  SCV  
  39  4:02  Liberator  
  40  4:03  Command Center  
  40  4:08  SCV  
  39  4:16  Factory Tech Lab  
  39  4:22  Marine  
  43  4:35  Barracks x2, Siege Tank  
  46  4:41  SCV  
  47  4:59  Terran Infantry Weapons Level 1  
  47  5:02  Barracks Reactor, Supply Depot x2  
  47  5:09  SCV  
  46  5:19  Siege Tank  
  44  5:22  SCV  
  44  5:27  Barracks Reactor, Barracks Tech Lab  
  44  5:29  Orbital Command  
  44  5:32  Bunker  
  43  5:36  Viking  
  46  5:46  Marine, Supply Depot  
  46  5:48  Marine x2  
  48  6:04  Marine  
  48  6:07  Stimpack  
  48  6:09  SCV x2  
  48  6:14  Medivac  
  48  6:16  Siege Tank  
  52  6:25  SCV x2  
  54  6:30  Marine x5  
  59  6:37  SCV x2  
  61  6:43  Supply Depot  
  61  6:47  Marine  
  61  6:48  Marine x4  
  61  6:53  Starport Reactor  
  66  7:02  SCV  
  66  7:04  Terran Infantry Armor Level 1  
  66  7:05  Barracks x2, SCV  
  68  7:09  Refinery  
  68  7:16  SCV  
  63  7:23  SCV  
  63  7:24  Marine x3  
  63  7:25  Marine x2  
  63  7:26  Siege Tank  
  63  7:28  SCV  
  69  7:32  Refinery  
  69  7:35  SCV  
  70  7:42  Medivac  
  70  7:43  Medivac  
  74  7:45  SCV  
  74  7:47  Marine x4  
  74  7:50  Marine  
  81  7:54  Barracks Reactor x2  
  63  8:22  Marine x5, Medivac x2  
  72  8:32  Marine x4  
  76  8:38  SCV x2  
  76  8:40  Marine x3  
  78  8:52  Marine x4, Medivac x2  
  78  8:53  Marine x2  
  78  8:54  SCV x2  
  89  9:06  Marine  
  89  9:07  Marine  
  89  9:11  Siege Tank, Marine x2  
  94  9:20  Supply Depot x2  
  94  9:27  Marine x5  
  99  9:35  Marine x3  
  102  9:41  Marine  
  102  9:45  Marine x3  
  104  9:49  Marine x2  
  105  9:52  Marine  
  105  9:53  Marine x2  
  105  9:55  SCV  
  105  9:59  Marine  
  110  10:03  Marine  
  111  10:15  Supply Depot x2  
Show
View Real Time Build Order
Export as new Build Order

Pokebunny Terran 

Build Orders: Reaper Expand, MMM Bio 

Get SALT Encoding   

  12  0:01  SCV  
  13  0:13  SCV  
  14  0:17  Supply Depot  
  14  0:25  SCV  
  15  0:39  Barracks, SCV  
  16  0:43  Refinery  
  16  0:51  SCV  
  17  1:03  SCV  
  18  1:15  SCV  
  19  1:26  Reaper  
  19  1:28  Orbital Command  
  20  1:40  Command Center  
  20  1:52  Supply Depot  
  20  1:53  SCV  
  21  1:59  Marine  
  22  2:05  Factory  
  22  2:07  SCV  
  23  2:14  Refinery  
  23  2:17  Marine  
  23  2:20  SCV  
  25  2:32  SCV  
  25  2:35  Marine  
  27  2:49  Hellion  
  27  2:50  Starport  
  29  2:52  SCV  
  29  2:53  Orbital Command  
  29  2:55  Marine  
  31  3:04  SCV  
  32  3:11  Widow Mine  
  34  3:13  Barracks Tech Lab  
  34  3:16  SCV  
  35  3:24  Barracks  
  35  3:25  Barracks  
  35  3:27  Medivac  
  35  3:30  SCV  
  35  3:32  SCV  
  36  3:43  Marine  
  36  3:45  Hellion  
  36  3:46  SCV x2  
  36  3:52  Stimpack  
  36  3:59  SCV x2  
  38  4:07  Marine  
  38  4:08  Hellion  
  39  4:11  SCV  
  39  4:12  SCV  
  39  4:15  Barracks Reactor x2  
  41  4:22  Viking  
  43  4:28  Marine  
  44  4:32  Supply Depot  
  44  4:33  Factory Tech Lab  
  44  4:46  Marine  
  44  4:48  SCV x2  
  41  4:53  Marine x4  
  41  5:12  SCV x2  
  41  5:14  Marine x2  
  38  5:15  Marine x2  
  42  5:24  SCV  
  42  5:25  Starport Reactor, SCV  
  44  5:34  Marine x2  
  44  5:35  Siege Tank  
  49  5:38  SCV  
  49  5:41  SCV  
  51  5:48  Marine x3  
  54  6:07  Marine, SCV  
  54  6:09  Marine x2  
  53  6:11  SCV  
  53  6:13  Marine  
  54  6:21  Supply Depot  
  54  6:23  Siege Tank, Supply Depot  
  54  6:30  Combat Shields  
  54  6:38  Refinery  
  54  6:42  Marine x3, Medivac x2, SCV  
  54  6:45  SCV  
  54  6:46  Supply Depot  
  63  6:50  Marine  
  63  6:51  Marine  
  65  6:55  Supply Depot  
  65  6:58  SCV x2  
  67  7:04  Siege Tank  
  70  7:10  Marine  
  70  7:11  Marine  
  68  7:24  Marine x2  
  68  7:25  Marine  
  68  7:26  Medivac  
  71  7:31  SCV x2  
  73  7:38  Siege Tank  
  73  7:43  SCV  
  77  7:55  Marine x4  
  77  7:56  Marine  
  82  8:00  SCV x2  
  73  8:18  Marine  
  73  8:19  Marine x4  
  71  8:20  Siege Tank  
  71  8:23  SCV x2  
  67  8:44  Command Center  
  67  8:46  Engineering Bay  
  67  8:50  Engineering Bay  
  67  8:53  Marine x3  
  67  8:54  Marine x2  
  70  8:55  SCV x2  
  72  9:07  Siege Tank  
  71  9:11  Marine x3, Medivac  
  71  9:13  SCV  
  71  9:15  Marine  
  78  9:20  Supply Depot  
  78  9:22  SCV  
  79  9:28  Medivac  
  81  9:40  Siege Tank  
  81  9:54  Marine x4  
  81  9:58  Orbital Command  
  81  9:59  SCV  
  86  10:01  Marine  
  90  10:18  SCV  
  90  10:19  Supply Depot, SCV  
Tags
 
Add a new tag
Caveats
  • Supply blocks, unpowered buildings, or Contaminate may cause inaccurate times.
  • Supply counts are checked every 10 seconds.